 Dungeon Crawl Stone Soup version 0.20.0-8-g6b59dc7 (webtiles) character file.

50351 no0bjke the Fighter (level 14, -2/95 HPs)
             Began as a Gargoyle Fighter on June 1, 2017.
             Was a High Priest of Okawaru.
             Slain by an orc warrior
             ... wielding a +0 scimitar
              (10 damage)
             ... on level 1 of the Orcish Mines.
             The game lasted 00:24:56 (15236 turns).

no0bjke the Fighter (Gargoyle Fighter)             Turns: 15236, Time: 00:24:58

Health: -2/95      AC: 22    Str: 31    XL:     14   Next: 54%
Magic:  21/21      EV:  4    Int:  9    God:    Okawaru [*****.]
Gold:   1544       SH: 11    Dex: 13    Spells: 13/13 levels left

rFire    x . .     SeeInvis +   t - +9 long sword of Lecw {flame, Str+7}
rCold    + . .     Gourm    .   a - +2 shield of Lucidity {rPois rF- rC+ Dex+3}
rNeg     + . .     Faith    .   D - +0 plate armour
rPois    ∞         Spirit   .   c - +1 hat
rElec    +         Reflect  .   T - scarf {repulsion}
rCorr    .         Harm     .   P - +0 pair of gloves {archery}
MR       +....     Clarity  +   (no boots)
Stlth    ..........             S - amulet of regeneration
Regen    0.7/turn               K - ring of see invisible
MPRegen  0.2/turn               j - +6 ring of slaying

@: heavily drained, repel missiles
A: antennae 1, big wings, clarity, low mp 1, negative energy resistance 1,
electricity resistance, unbreathing, petrification resistance, rot immunity, AC
+9
a: Fly, Heroism, Finesse, Renounce Religion


You were on level 1 of the Orcish Mines.
You worshipped Okawaru.
Okawaru was extremely pleased with you.
You were not hungry.

You visited 4 branches of the dungeon, and saw 19 of its levels.
You also visited: Sewer.

You collected 1578 gold pieces.
You spent 34 gold pieces at shops.

Inventory:

Hand Weapons
 b - the +6 falchion "Eviscerator" {slice, *Rage +Fly rF+ rN+}
   (You took it off an orc on level 10 of the Dungeon)

   It inflicts extra damage upon your enemies.
   It protects you from fire.
   It protects you from negative energy.
   It lets you fly.
   It may make you go berserk in combat.
 t - the +9 long sword of Lecw (weapon) {flame, Str+7}
   (You found it in a sewer)

   It has been specially enchanted to burn those struck by it, causing extra
   injury to most foes and up to half again as much damage against particularly
   susceptible opponents.
   Big, fiery blades are also staple armaments of hydra-hunters.
   It affects your strength (+7).
Armour
 a - the +2 shield of Lucidity (worn) {rPois rF- rC+ Dex+3}
   (You found it on level 6 of the Lair of Beasts)

   It affects your dexterity (+3).
   It makes you vulnerable to fire.
   It protects you from cold.
   It protects you from poison.
 c - a +1 hat (worn)
 D - a +0 plate armour (worn)
 L - a +0 buckler of reflection
 O - the scarf of the Hurricane {rCorr}
   (Okawaru gifted it to you on level 9 of the Dungeon)

   It protects you from acid and corrosion.
 P - a +0 pair of gloves of archery (worn)
 T - a scarf of repulsion (worn)
Jewellery
 g - a cursed -6 ring of evasion {unknown}
 j - a +6 ring of slaying (right hand)
 K - a ring of see invisible (left hand)
 R - an uncursed ring of protection from cold {unknown}
 S - an amulet of regeneration (around neck)
 V - an uncursed amulet of faith {unknown}
 Y - an uncursed ring of fire {unknown}
Wands
 X - a wand of paralysis (17/24)
Scrolls
 e - 4 scrolls of magic mapping
 n - 2 scrolls of fog {unknown}
 o - 13 scrolls of remove curse
 r - a scroll of acquirement {unknown}
 s - 4 scrolls of enchant armour
 v - 5 scrolls of enchant weapon
 y - 7 scrolls of teleportation
 z - 2 scrolls of amnesia {unknown}
 H - 3 scrolls of vulnerability {unknown}
 I - 3 scrolls of recharging
 J - 2 scrolls of summoning {unknown}
 N - 3 scrolls of fear
 Q - 2 scrolls of random uselessness {unknown}
 W - a scroll of brand weapon {unknown}
Potions
 d - 4 potions of might
 i - 4 potions of lignification {unknown}
 l - 5 potions of flight
 m - 14 potions of curing
 p - 4 potions of agility {unknown}
 q - 9 potions of heal wounds
 w - 2 potions of cancellation
 x - a potion of brilliance
 A - 2 potions of magic {unknown}
 B - 2 potions of berserk rage {unknown}
 C - 2 potions of mutation {unknown}
 E - 2 potions of degeneration {unknown}
 F - 3 potions of haste {unknown}
 M - a potion of resistance {unknown}
Comestibles
 f - 10 bread rations
 h - 12 royal jellies
 k - 8 meat rations
 u - 13 fruits


   Skills:
 + Level 13.9(11.9) Fighting
 - Level 11.8(9.8) Long Blades
   Level 11.9(9.9) Axes
 - Level 3.2(1.7) Armour
 - Level 3.2(1.7) Shields
 + Level 12.6(10.6) Invocations


You had 13 spell levels left.
You didn't know any spells.

Dungeon Overview and Level Annotations

Branches:
Dungeon (10/15)            Temple (1/1) D:4            Lair (6/6) D:10
 Shoals (0/4) Lair:4        Snake (0/4) Lair:2        Slime (0/5) Lair:6
    Orc (2/2) D:10
    Elf: Orc:2

Altars:
Dithmenos
Elyvilon
Fedhas
Gozag
Hepliaklqana
Kikubaaqudgha
Okawaru
Ru
Sif Muna
Trog
Uskayaw
Vehumet
Xom
Yredelemnul
Zin
Beogh

Shops:
D:8 *   Orc:2 :

Annotations:
Lair:2 exclusion: 2 oklob plants


Innate Abilities, Weirdness & Mutations

You are resistant to torment.
Your stone body is resilient. (AC +9)
You are immune to poison.
Your large and strong wings let you fly indefinitely.
You resist negative energy. (rN+)
You are resistant to electric shocks. (rElec)
You can survive without breathing.
You are immune to petrification.
You are immune to rotting.
You have a pair of small antennae on your head.
You possess an exceptional clarity of mind.
Your magical capacity is low. (-10% MP)


Message History

You kill the orc warrior!
Okawaru accepts your kill.
The orc warrior hits you with a scimitar!
Unknown command.
The orc sorcerer hits you but does no damage.
The ice devil hits you but does no damage.
The orc sorcerer howls an incantation.
The orc sorcerer's hands start to glow.
You climb upwards.
There is a stone staircase leading down here.
You closely miss the orc sorcerer. You block the orc warrior's attack.
You block the orc sorcerer's attack.
Unknown command.
You hit the orc sorcerer. You burn the orc sorcerer.
The orc sorcerer is moderately wounded.
The orc sorcerer points at you and mumbles some strange words.
The bolt of fire hits you! The fire burns you terribly!
* * * LOW HITPOINT WARNING * * *
The orc warrior hits you with a scimitar!
You die...

............>.............###....
.............)......#......#.....
..............#......#....##.....
.#.##.)))....##.....##...........
.#.#.........#....>.#............
.............##.#................
........#......#....#.##.#.......
......##........[............#...
#.#.<##........o@...........#....
....#.##....#....o..#...#).......
≈..........#...........[.....>...
≈≈.≈...................[#.#....#.
≈≈≈≈...................##........
##≈≈≈........#.................#.
#≈≈..#..........................
##≈≈≈..................#.........
≈≈≈≈≈............#.#...##........


You could see an orc sorcerer and an orc warrior.

Vanquished Creatures
  Rupert (Lair:4)
  Kirke (Lair:4)
  An orc warlord (Orc:1)
  4 hydras
  Erica (D:10)
  3 catoblepae (Lair:6)
  3 two-headed ogres
  9 death yaks
  Urug (Lair:4)
  An unseen horror (D:7)
  An orc knight (Orc:1)
  Pikel (D:8)
  2 manticores (Lair:6)
  6 black mambas
  2 molten gargoyles (Lair:3)
  A torpor snail (Lair:5)
  A gargoyle (D:10)
  7 spiny frogs
  2 rime drakes
  A komodo dragon (Lair:3)
  3 polar bears
  A troll (D:10)
  2 merfolk (Lair:4)
  2 hornets
  12 blink frogs
  9 hippogriffs
  A human (D:7)
  7 hogs
  51 yaks
  Grum (D:10)
  A golden eye (Lair:6)
  2 hungry ghosts
  Menkaure (D:4)
  A warg (Orc:1)
  3 nagas (Lair:2)
  9 water moccasins
  3 ice beasts
  A sky beast (D:6)
  A black bear (Lair:4)
  4 porcupines
  15 orc warriors
  A slave (D:8)
  A necrophage (D:4)
  12 wolves
  5 ogres
  4 centaurs
  7 crocodiles
  13 bullfrogs
  2 scorpions
  5 killer bees (D:7)
  5 electric eels
  7 wights
  2 howler monkeys
  4 crimson imps
  5 lava snakes (Lair:3)
  A bullfrog zombie (D:6)
  11 orc priests
  11 hounds
  8 jellies
  11 orc wizards
  3 bullfrog skeletons
  3 iguanas
  Jessica (D:3)
  Ijyb (D:4)
  4 worker ants
  2 hound zombies (D:6)
  A hound skeleton (D:5)
  A howler monkey zombie (D:7)
  A worker ant zombie (D:8)
  13 adders
  4 gnolls (D:8)
  A howler monkey skeleton (D:6)
  3 river rats (Sewer)
  3 shadow imps (D:6)
  4 oozes
  An adder skeleton (D:4)
  3 worms
  2 dart slugs (D:1)
  4 leopard geckos
  67 orcs
  4 bats
  5 giant cockroaches
  10 hobgoblins
  8 jackals
  2 quokkas
  7 ball pythons
  8 frilled lizards
  3 goblins
  A jackal skeleton (D:5)
  20 kobolds
  A quokka skeleton (D:10)
  29 rats
  A bush (D:9)
  A fungus (Lair:4)
  4 plants (Lair:5)
520 creatures vanquished.

Vanquished Creatures (others)
  A wizard (D:4)
  A slave (D:8)
  6 fungi
  2 plants
10 creatures vanquished.

Grand Total: 530 creatures vanquished

Notes
Turn   | Place    | Note
-------+----------+-------------------------------------------
     0 | D:1      | no0bjke the Gargoyle Fighter began the quest for the Orb.
     0 | D:1      | Reached XP level 1. HP: 14/14 MP: 1/1
   161 | D:1      | Reached XP level 2. HP: 19/19 MP: 2/2
   464 | D:1      | Reached XP level 3. HP: 18/24 MP: 3/3
   730 | D:2      | Reached skill level 4 in Fighting
   758 | D:2      | Reached XP level 4. HP: 29/29 MP: 4/4
   970 | D:2      | Found a white marble altar of Elyvilon.
  1335 | D:3      | Reached XP level 5. HP: 34/34 MP: 5/5
  1458 | D:3      | Noticed Jessica
  1464 | D:3      | Killed Jessica
  1581 | D:4      | Noticed a necrophage
  1592 | D:4      | Killed a necrophage
  1592 | D:4      | Reached skill level 5 in Fighting
  1592 | D:4      | Reached XP level 6. HP: 38/40 MP: 6/6
  1638 | D:4      | Found a bloodstained altar of Trog.
  1639 | D:4      | Noticed a wizard
  1645 | D:4      | Killed a wizard
  1686 | D:4      | Found a staircase to the Ecumenical Temple.
  1871 | Temple   | Entered the Ecumenical Temple
  1993 | Temple   | Became a worshipper of Warmaster Okawaru
  2089 | D:4      | Reached skill level 5 in Axes
  2347 | D:4      | Noticed Menkaure
  2354 | D:4      | Killed Menkaure
  2354 | D:4      | Reached XP level 7. HP: 43/44 MP: 7/7
  2534 | D:4      | Noticed Ijyb
  2541 | D:4      | Killed Ijyb
  2569 | D:5      | Entered Level 5 of the Dungeon
  2580 | D:5      | Reached * piety under Okawaru
  2769 | D:5      | Reached skill level 6 in Fighting
  3454 | D:6      | Reached XP level 8. HP: 52/52 MP: 8/8
  3503 | D:5      | Reached ** piety under Okawaru
  3732 | D:5      | Reached skill level 1 in Invocations
  3750 | D:6      | Reached skill level 7 in Fighting
  3969 | D:6      | Found a glowing drain.
  3982 | Sewer    | Entered a sewer
  3983 | Sewer    | Gained mutation: You possess an exceptional clarity of mind. [mutagenic meat]
  3984 | Sewer    | Gained mutation: You have a pair of small antennae on your head. [mutagenic meat]
  3985 | Sewer    | Gained mutation: Your magical capacity is low. (-10% MP) [mutagenic meat]
  4019 | Sewer    | Reached XP level 9. HP: 57/57 MP: 10/10
  4120 | Sewer    | Got a steaming long sword
  4132 | Sewer    | Identified the +9 long sword of Lecw {flame, Str+7} (You found it in a sewer)
  4628 | D:6      | Reached skill level 1 in Long Blades
  4852 | D:6      | Reached *** piety under Okawaru
  5084 | D:7      | Killed an unseen horror
  5084 | D:7      | Reached **** piety under Okawaru
  5084 | D:7      | Reached skill level 8 in Fighting
  5390 | D:7      | Reached skill level 5 in Invocations
  5490 | D:7      | Reached XP level 10. HP: 47/65 MP: 12/12
  5525 | D:7      | Reached skill level 5 in Long Blades
  5827 | D:7      | Reached skill level 9 in Fighting
  6037 | D:8      | Found Dewkif's Assorted Antiques.
  6043 | D:8      | Bought a scroll labeled AFRIOS WEUWUMAEPT for 17 gold pieces
  6043 | D:8      | Bought a scroll labeled YTOS VAASETUNE for 17 gold pieces
  6052 | D:8      | Noticed a two-headed ogre
  6063 | D:8      | Received a gift from Okawaru
  6066 | D:8      | Killed a two-headed ogre
  6250 | D:8      | Reached ***** piety under Okawaru
  6279 | D:8      | Noticed Pikel
  6283 | D:8      | Killed Pikel
  6558 | D:8      | Got a polished ring mail
  6569 | D:8      | Identified the +2 ring mail of Qidass {+Inv} (You found it on level 8 of the Dungeon)
  6771 | D:9      | Reached skill level 10 in Fighting
  6771 | D:9      | Reached XP level 11. HP: 72/72 MP: 6/14
  6787 | D:9      | Received a gift from Okawaru
  6795 | D:9      | Got a transparent scarf {god gift}
  6809 | D:9      | Identified the scarf of the Hurricane {rCorr} (Okawaru gifted it to you on level 9 of the Dungeon)
  6854 | D:9      | Noticed a two-headed ogre
  6858 | D:9      | Killed a two-headed ogre
  7067 | D:9      | Found a blossoming altar of Fedhas.
  7504 | D:10     | Entered Level 10 of the Dungeon
  7537 | D:10     | Found a staircase to the Orcish Mines.
  7592 | D:10     | Noticed a two-headed ogre
  7596 | D:10     | Killed a two-headed ogre
  7881 | D:10     | Got a crystal falchion {slice}
  7986 | D:10     | Identified the +6 falchion "Eviscerator" {slice, *Rage +Fly rF+ rN+} (You took it off an orc on level 10 of the Dungeon)
  8052 | D:10     | Found a staircase to the Lair.
  8055 | D:10     | Noticed Erica
  8069 | D:10     | Killed Erica
  8111 | D:10     | Noticed Grum
  8120 | D:10     | Killed Grum
  8260 | D:10     | Reached skill level 11 in Fighting
  8398 | Lair:1   | Entered Level 1 of the Lair of Beasts
  8429 | Lair:1   | Reached skill level 10 in Long Blades
  8443 | Lair:1   | Reached XP level 12. HP: 77/80 MP: 16/16
  8447 | Lair:1   | Received a gift from Okawaru
  9696 | Lair:2   | Found a staircase to the Snake Pit.
 10416 | Lair:3   | Reached skill level 10 in Invocations
 10421 | Lair:3   | Reached skill level 12 in Fighting
 10547 | Lair:3   | Noticed a seven-headed hydra
 10553 | Lair:3   | Killed a four-headed hydra
 10912 | Lair:4   | Received a gift from Okawaru
 10918 | Lair:4   | Reached XP level 13. HP: 64/86 MP: 18/18
 10925 | Lair:4   | Got a scorched battleaxe {god gift}
 10979 | Lair:4   | Identified the +11 battleaxe of Xiogoclu {pain, *Drain rPois rC+++} (Okawaru gifted it to you on level 4 of the Lair of Beasts)
 11170 | Lair:4   | Noticed Rupert
 11183 | Lair:4   | Killed Rupert
 11465 | Lair:4   | Found a staircase to the Shoals.
 11713 | Lair:4   | Received a gift from Okawaru
 11716 | Lair:4   | Got a twisted scarf {god gift}
 11727 | Lair:4   | Identified the scarf of the Shoals {MP+9 Int+5} (Okawaru gifted it to you on level 4 of the Lair of Beasts)
 11767 | Lair:4   | Noticed Kirke
 11771 | Lair:4   | Noticed a sphinx
 11787 | Lair:4   | Killed Kirke
 11848 | Lair:4   | Noticed Urug
 11862 | Lair:4   | Killed Urug
 12332 | Lair:5   | Reached skill level 10 in Axes
 12555 | Lair:5   | Reached skill level 13 in Fighting
 13210 | Lair:6   | Entered Level 6 of the Lair of Beasts
 13215 | Lair:6   | Found a staircase to the Slime Pits.
 13472 | Lair:6   | Received a gift from Okawaru
 13475 | Lair:6   | Got a dazzling great sword {god gift}
 13481 | Lair:6   | Identified the +0 great sword "Esoif" {slice, *Contam Int+7} (Okawaru gifted it to you on level 6 of the Lair of Beasts)
 13523 | Lair:6   | Gained mutation: Your large and strong wings let you fly indefinitely. [Gargoyle growth]
 13523 | Lair:6   | Reached XP level 14. HP: 51/94 MP: 20/20
 13774 | Lair:6   | Received a gift from Okawaru
 13791 | Lair:6   | Got a scorched shield
 14490 | Orc:1    | Entered Level 1 of the Orcish Mines
 14629 | Orc:1    | Found a roughly hewn altar of Beogh.
 14902 | Orc:2    | Entered Level 2 of the Orcish Mines
 14913 | Orc:2    | Noticed an orc warlord
 15070 | Orc:1    | Killed an orc warlord
 15082 | Orc:1    | Identified the +2 shield of Lucidity {rPois rF- rC+ Dex+3} (You found it on level 6 of the Lair of Beasts)
 15215 | Orc:2    | Found Rief's Book Boutique.
 15236 | Orc:1    | Slain by an orc warrior

Skill      XL: |  1  2  3  4  5  6  7  8  9 10 11 12 13 14 |
---------------+-------------------------------------------+-----
Axes           | 2 3 4 5 6 8 10 11 | 11.9
Fighting       | 4 5 6 7 8 10 11 12 13 | 13.9
Invocations    | 3 5 7 8 10 11 12 | 12.6
Long Blades    | 4 7 10 11 | 11.8
Armour         | |  3.2
Shields        | |  3.2

Action                   |  1- 3 |  4- 6 |  7- 9 | 10-12 | 13-15 || total
-------------------------+-------+-------+-------+-------+-------++-------
Melee: War axe           |    64 |    92 |   185 |       |       ||   341
       Long sword        |       |       |    95 |   493 |    24 ||   612
       Battleaxe         |       |       |       |       |   296 ||   296
Invok: Heroism           |       |       |     2 |     3 |    10 ||    15
       Finesse           |       |       |       |     2 |    10 ||    12
  Use: Potion            |       |       |     1 |       |     3 ||     4
       Scroll            |       |       |       |    13 |     2 ||    15
 Stab: Petrified         |       |       |       |       |     2 ||     2
  Eat: Chunk             |       |     5 |     8 |    19 |    13 ||    45
       Bread ration      |       |       |     1 |     1 |       ||     2
Armor: Scale mail        |    27 |    39 |    38 |       |       ||   104
       Chain mail        |       |       |   112 |       |       ||   112
       Plate armour      |       |       |    20 |   294 |   342 ||   656
Dodge: Dodged            |    13 |    25 |    55 |   120 |   136 ||   349
       Deflected         |       |       |       |       |     3 ||     3
Block: Shield            |    25 |    39 |   140 |   152 |    16 ||   372
       Buckler           |       |       |       |    40 |       ||    40
       Rpst.: Long sword |       |       |     4 |    32 |     1 ||    37
